 Dungeon Crawl Stone Soup version 0.29-a0-234-g0dae59b3db (webtiles) character file.

Game seed: 2216457062622673511

218 fragbeetle the Changer (level 5, -2/38 (40) HPs)
             Began as a Draconian Transmuter on Mar 2, 2022.
             Slain by a wight
             ... wielding a +0 long sword
              (6 damage)
             ... on level 3 of the Dungeon.
             The game lasted 00:05:23 (3799 turns).

fragbeetle the Changer (Draconian Transmuter)       Turns: 3799, Time: 00:05:24

HP:   -2/38 (40)    AC:  5    Str: 12    XL:     5   Next: 63%
MP:   8/8           EV: 12    Int: 13    God:
Gold: 165           SH:  0    Dex: 14    Spells: 4/8 levels left

rFire   . . .      SeeInvis .     - Unarmed
rCold   . . .      Faith    .   (no shield)
rNeg    . . .      Spirit   .   (body armour unavailable)
rPois   .          Reflect  .   (helmet currently unavailable)
rElec   .          Harm     .   (no cloak)
rCorr   .          Rampage  .   (no gloves)
Will    .....                   (boots currently unavailable)
Stlth   +.........              (no amulet)
HPRegen 0.12/turn               (no ring)
MPRegen 0.11/turn               (no ring)

@: appendages (expiring), drained
A: horns 2, talons 2, AC +5, unfitting armour, cold-blooded
a: End Transformation


You were on level 3 of the Dungeon.
You had temporarily grown beastly horns and talons.
You visited 1 branch of the dungeon, and saw 4 of its levels.

You collected 165 gold pieces.

Inventory:

Armour
 a - a +0 pair of boots
 m - a +0 pair of boots (melded)
Jewellery
 p - a ring of protection from cold
Wands
 f - a wand of iceblast (7)
Scrolls
 b - a scroll of enchant armour {unknown}
 c - a scroll of fear {unknown}
 e - 4 scrolls of teleportation {unknown}
 g - 2 scrolls of identify {unknown}
 j - a scroll of immolation {unknown}
 k - a scroll of acquirement {unknown}
 n - a scroll of torment {unknown}
 o - a scroll of enchant weapon {unknown}
Potions
 d - 2 potions of haste {unknown}
 h - 3 potions of might {unknown}
 i - a potion of attraction {unknown}
 l - 2 potions of lignification {unknown}


   Skills:
 - Level 1.1 Fighting
 - Level 1.7 Dodging
 - Level 3.0 Unarmed Combat
 - Level 2.0 Spellcasting
 + Level 5.4 Transmutations
 + Level 2.2 Poison Magic


You had 4 spell levels left.
You knew the following spells:

 Your Spells              Type           Power      Damage    Failure   Level
a - Beastly Appendage     Tmut           30%        N/A       2%          1
b - Spider Form           Tmut/Pois      11%        N/A       16%         3

Your spell library contained the following spells:

 Spells                   Type           Power      Damage    Failure   Level
 Wereblood                Tmut           15%        N/A       4%          2
 Sting                    Tmut/Pois      44%        1d5       5%          1
 Poisonous Vapours        Pois/Air       8%         N/A       24%         2
 Sublimation of Blood     Necr           1%         N/A       36%         2
 Ice Form                 Ice/Tmut       8%         N/A       63%         4
 Olgreb's Toxic Radiance  Pois           7%         N/A       71%         4
 Summon Hydra             Summ           0%         N/A       100%        7


Dungeon Overview and Level Annotations

Branches:
Dungeon (4/15)
 Temple: D:4-7

Altars:

Shops:
D:1 (


Innate Abilities, Weirdness & Mutations

You have temporarily grown beastly horns and talons.
Your plain brown scales are hard. (AC +5)
You cannot fit into any form of body armour.
You are cold-blooded and may be slowed by cold attacks.


Message History

There is a stone staircase leading down here.
Casting: Beastly Appendage (safe; 2% risk of failure)
Confirm with . or Enter, or press ? or * to list all spells.
You grow a pair of large bovine horns.
Your feet morph into talons.
Your +0 pair of boots melds into your body.
The wight barely misses you.
You barely miss the wight. You claw the wight.
The wight is lightly damaged.
The wight hits you with a +0 long sword.
You feel drained.
You barely miss the wight. You headbutt the wight.
The wight is moderately damaged.
You hit the wight. You claw the wight, but do no damage.
The wight is heavily damaged.
The wight completely misses you.
You barely miss the wight. You headbutt the wight.
The wight is severely damaged.
The wight hits you with a +0 long sword!
You hit the wight but do no damage. Your kick misses the wight.
Your headbutt misses the wight.
You tail-slap the wight, but do no damage.
The wight is severely damaged.
Your transformation is almost over.
The wight hits you with a +0 long sword!
* * * LOW HITPOINT WARNING * * *
You feel drained.
* * * LOW HITPOINT WARNING * * *
You closely miss the wight.
The wight is severely damaged.
The wight barely misses you.
You closely miss the wight. You claw the wight. Your headbutt misses the wight.
The wight is severely damaged.
The wight barely misses you.
You hit the wight but do no damage. Your kick misses the wight.
The wight is severely damaged.
The wight closely misses you.
You hit the wight but do no damage. Your headbutt misses the wight.
The wight is severely damaged.
The wight hits you with a +0 long sword.
You die...

#.#####.#.#.#####.#...####.##..
#)##......#.#####.#...# #.####
#.##.##.###.##.......## ##.####
#.......# #.##.##.#### #.#....
#.....B.# #.##.##.# ##.####
###.##.#.## #....).<#### ### #
..B....#.# #......###.##### #
###.####.# #.##<..........#
#.####.# #.##@#.........#
#...(..# #.##z......##..#####
######## #.##.#.....#.......#
#.##.#......#..###.#
#..............# #.#
######.###.......# #.# #...##.#
#.....### #.# #......###.....#
#.# #..>....##.....# #.#


You could see a wight.

Vanquished Creatures
  A wight (D:4)
  An orc wizard (D:3)
  6 adders
  An ufetubus (D:4)
  A worm (D:3)
  A dart slug (D:2)
  4 orcs (D:3)
  2 ball pythons (D:3)
  4 bats
  7 endoplasms
  5 giant cockroaches
  6 goblins
  5 hobgoblins
  6 jackals
  5 kobolds
  4 quokkas
  3 frilled lizards
  9 rats
71 creatures vanquished.

Notes
Turn   | Place    | Note
-------+----------+-------------------------------------------
     0 | D:1      | fragbeetle the Draconian Transmuter began the quest for the
                  | Orb.
     0 | D:1      | Reached XP level 1. HP: 16/16 MP: 3/3
   129 | D:1      | Reached XP level 2. HP: 19/23 MP: 5/5
   184 | D:1      | Found a faded altar of an unknown god.
   406 | D:1      | Reached skill level 3 in Transmutations
   754 | D:1      | Found Moxafa Yxtia's Antique Weapon Emporium.
  1054 | D:1      | Reached XP level 3. HP: 28/28 MP: 4/6
  1058 | D:1      | Learned a level 3 spell: Spider Form
  1292 | D:2      | Reached skill level 4 in Transmutations
  1554 | D:2      | Reached XP level 4. HP: 31/35 MP: 5/7
  2893 | D:3      | Reached skill level 5 in Transmutations
  2893 | D:3      | Reached skill level 1 in Poison Magic
  3305 | D:3      | Reached XP level 5. HP: 40/40 MP: 6/8
  3799 | D:3      | Slain by a wight

Illustrated notes

Levels and vault maps discovered:
D:1:      amcnicky_arrival_double_pillar, layout_loops_ring, serial_shops,
          nicolae_shop_temple_entry_statues_fountains,
          hellmonk_ecumenical_altar_dog_temple, minivault_5,
          minmay_misc_feat_more_columns
D:2:      layout_loops_corners, minmay_tiny_reverse_x
D:3:      layout_loops_cross
D:4:      minmay_inner_zag, layout_basic, minmay_temple_entry_offerings,
          uniq_crazy_yiuf_cottage

Skill      XL: |  1  2  3  4  5 |
---------------+----------------+-----
Transmutations | 3 4 5 |  5.4
Poison Magic   | 1 2 |  2.2
Fighting       | |  1.1
Dodging        | |  1.7
Unarmed Combat | |  3.0
Spellcasting   | |  2.0

Action                   |  1- 3 |  4- 6 || total
-------------------------+-------+-------++-------
Melee: Unarmed           |   108 |   115 ||   223
       Kick              |    16 |    33 ||    49
       Headbutt          |    13 |    15 ||    28
       Tailslap          |    12 |     6 ||    18
       Punch             |       |     3 ||     3
 Cast: Beastly Appendage |    25 |    28 ||    53
       Spider Form       |       |     2 ||     2
Armor: Skin              |    30 |    23 ||    53
Dodge: Dodged            |    63 |    70 ||   133

Table legend: (Time is in decaauts)
 A = Elapsed time spent in this place.
 B = Non-inter-level travel time spent in this place.
 C = Inter-level travel time spent in this place.
 D = Time resting spent in this place.
 E = Time spent auto-exploring this place.
 F = Levels seen in this place.
 G = Mean time per level.
                   A        B        C        D        E       F      G
               +--------+--------+--------+--------+--------+-----+--------+
         Total |   3791 |   3716 |     75 |    178 |   2898 |   4 |  947.8 |
       Dungeon |   3791 |   3716 |     75 |    178 |   2898 |   4 |  947.8 |
               +--------+--------+--------+--------+--------+-----+--------+

Top non-repeatable levels by time:
     D:2: 1407 daAuts
     D:1: 1169 daAuts
     D:3: 1050 daAuts
     D:4: 164 daAuts
